2468 views
Uploaded 2021-08-19 11:50:39
Game version 1.32.10
23:53 long 1on1 ladder game on (2)SwampedTemple
Saved by aom
2468 views
Uploaded 2021-08-19 11:50:39
Game version 1.32.10
23:53 long 1on1 ladder game on (2)SwampedTemple

38 units @ 4.8k
/ 0.5k
14 buildings @ 2.2k
/ 0.9k


| Rod of Necromancy | 2 | 300 |
| Ritual Dagger | 1 | 125 |
| Potion of Healing | 2 | 300 |
| Orb of Corruption | 1 | 375 |
| Scroll of Healing | 1 | 250 |
| Periapt of Vitality | 1 | 325 |
| Circlet of Nobility | 1 | 175 |
| Potion of Lesser Invulnerability | 1 | 150 |
| total: | 10 | 2000g |
| Acolyte | 14 | 1050 | / | 0 |
| Ghoul | 13 | 1560 | / | 0 |
| Banshee | 2 | 310 | / | 60 |
| Obsidian Statue | 4 | 800 | / | 140 |
| Gargoyle | 1 | 175 | / | 30 |
| Abomination | 3 | 720 | / | 210 |
| Crypt Fiend | 1 | 215 | / | 40 |
| total: | 38 | 4830g | / | 480w |
| Nerubian Tower | 2 | 200 | / | 40 |
| Spirit Tower | 2 | 290 | / | 80 |
| Altar of Darkness | 1 | 180 | / | 50 |
| Ziggurat | 5 | 750 | / | 250 |
| Crypt | 1 | 200 | / | 50 |
| Tomb of Relics | 1 | 130 | / | 30 |
| Graveyard | 1 | 215 | / | 0 |
| Necropolis | 1 | 225 | / | 0 |
| Slaughterhouse | 2 | 280 | / | 270 |
| Temple of the Damned | 1 | 155 | / | 140 |
| Sacrificial Pit | 1 | 75 | / | 150 |
| Halls of the Dead | 1 | 320 | / | 210 |
| Black Citadel | 1 | 325 | / | 230 |
| total: | 14 | 2210g | / | 940w |
| 0:03 | Acolyte |
| 0:05 | Altar of Darkness |
| 0:06 | Ziggurat |
| 0:14 | Acolyte |
| 0:31 | Crypt |
| 0:51 | Tomb of Relics |
| 1:22 | Ziggurat |
| 1:32 | Ghoul |
| 1:32 | Ghoul |
| 1:49 | Ghoul |
| 2:04 | Rod of Necromancy |
| 2:08 | Death Coil |
| 2:09 | Ghoul |
| 2:36 | Cannibalize |
| 2:56 | Nerubian Tower |
| 3:31 | Acolyte |
| 3:31 | Acolyte |
| 3:32 | Acolyte |
| 3:54 | Acolyte |
| 3:54 | Acolyte |
| 4:01 | Graveyard |
| 4:26 | Unholy Aura |
| 4:53 | Halls of the Dead |
| 4:59 | Ziggurat |
| 5:05 | Ziggurat |
| 5:20 | Ghoul |
| 5:20 | Ghoul |
| 5:29 | Ritual Dagger |
| 5:51 | Spirit Tower |
| 5:56 | Ghoul |
| 7:23 | Rod of Necromancy |
| 7:30 | Ziggurat |
| 8:20 | Slaughterhouse |
| 8:23 | Temple of the Damned |
| 8:33 | Potion of Healing |
| 8:33 | Potion of Healing |
| 8:39 | Impale |
| 9:10 | Black Citadel |
| 9:17 | Ghoul |
| 9:20 | Nerubian Tower |
| 9:35 | Banshee |
| 9:40 | Obsidian Statue |
| 10:49 | Banshee Adept Training |
| 10:50 | Gargoyle |
| 10:54 | Obsidian Statue |
| 11:22 | Banshee |
| 11:24 | Obsidian Statue |
| 12:14 | Carrion Beetles |
| 12:25 | Destroyer Form |
| 12:27 | Creature Attack |
| 12:55 | Periapt of Vitality |
| 12:56 | Circlet of Nobility |
| 12:56 | Potion of Lesser Invulnerability |
| 12:57 | Scroll of Healing |
| 13:29 | Abomination |
| 13:32 | Ghoul Frenzy |
| 15:36 | Carrion Beetles |
| 16:06 | Disease Cloud |
| 16:07 | Abomination |
| 16:12 | Spirit Tower |
| 16:17 | Death Coil |
| 16:26 | Crypt Fiend |
| 16:29 | Acolyte |
| 18:51 | Abomination |
| 18:53 | Unholy Armor |
| 18:59 | Slaughterhouse |
| 19:01 | Ghoul |
| 19:01 | Ghoul |
| 19:01 | Ghoul |
| 19:01 | Ghoul |
| 19:01 | Ghoul |
| 19:09 | Sacrificial Pit |
| 19:23 | Obsidian Statue |
| 19:40 | Orb of Corruption |
| 20:07 | Acolyte |
| 20:08 | Acolyte |
| 22:18 | Spiked Carapace |
| 22:46 | Acolyte |
| 22:46 | Acolyte |
| 22:47 | Acolyte |
| 22:47 | Acolyte |
| 22:50 | Necropolis |
| 23:32 | Spiked Carapace |
| Select group | 1056 |
| Right click | 953 |
| Select | 580 |
| Misc. action | 114 |
| Build/train/purchase | 101 |
| Chat | 89 |
| Assign group | 53 |
| Use ability | 49 |
| Item give/drop | 3 |
| Minimap ping | 2 |
| Remove unit | 1 |
27 units @ 4.1k
/ 0.3k
14 buildings @ 2.5k
/ 0.8k


| Lesser Clarity Potion | 8 | 560 |
| Healing Salve | 10 | 1000 |
| Scroll of Speed | 3 | 150 |
| Potion of Mana | 1 | 200 |
| Potion of Healing | 2 | 300 |
| Scroll of Town Portal | 1 | 350 |
| Boots of Speed | 1 | 250 |
| Staff of Teleportation | 1 | 150 |
| Potion of Lesser Invulnerability | 3 | 450 |
| Potion of Invisibility | 2 | 200 |
| Periapt of Vitality | 2 | 650 |
| total: | 34 | 4260g |
| Peon | 7 | 525 | / | 0 |
| Grunt | 7 | 1400 | / | 0 |
| Troll Headhunter | 8 | 1120 | / | 160 |
| Spirit Walker | 3 | 585 | / | 105 |
| Forest Troll Berserker | 1 | 245 | / | 30 |
| Forest Troll Shadow Priest | 1 | 195 | / | 10 |
| total: | 27 | 4070g | / | 305w |
| Altar of Storms | 2 | 360 | / | 100 |
| Orc Burrow | 6 | 960 | / | 240 |
| Barracks | 1 | 180 | / | 50 |
| Voodoo Lounge | 2 | 260 | / | 60 |
| War Mill | 1 | 205 | / | 0 |
| Great Hall | 1 | 385 | / | 185 |
| Tauren Totem | 1 | 135 | / | 155 |
| Stronghold | 1 | 315 | / | 190 |
| total: | 14 | 2485g | / | 790w |
| 0:01 | Peon |
| 0:08 | Altar of Storms |
| 0:11 | Orc Burrow |
| 0:20 | Barracks |
| 0:29 | Peon |
| 0:41 | Peon |
| 0:52 | Peon |
| 1:20 | Grunt |
| 1:32 | Orc Burrow |
| 1:51 | Grunt |
| 2:00 | Peon |
| 2:05 | Feral Spirit |
| 2:23 | Grunt |
| 2:34 | Voodoo Lounge |
| 3:42 | Stronghold |
| 3:42 | Grunt |
| 3:44 | Orc Burrow |
| 4:06 | Chain Lighting |
| 4:07 | Boots of Speed |
| 4:48 | Grunt |
| 4:52 | Lesser Clarity Potion |
| 4:53 | Healing Salve |
| 4:53 | Healing Salve |
| 5:15 | War Mill |
| 5:44 | Staff of Teleportation |
| 7:09 | Healing Salve |
| 7:10 | Lesser Clarity Potion |
| 7:10 | Scroll of Speed |
| 7:10 | Healing Salve |
| 7:14 | War Stomp |
| 7:22 | Troll Headhunter |
| 7:22 | Troll Headhunter |
| 7:29 | Feral Spirit |
| 7:46 | Reinforced Defenses |
| 8:14 | Troll Headhunter |
| 8:14 | Troll Headhunter |
| 9:06 | Orc Burrow |
| 9:08 | Endurance Aura |
| 9:17 | Tauren Totem |
| 9:32 | Potion of Lesser Invulnerability |
| 10:39 | Endurance Aura |
| 10:45 | Spirit Walker Adept Training |
| 10:45 | Spirit Walker |
| 10:45 | Spirit Walker |
| 10:47 | Berserker Strength |
| 10:47 | Troll Regeneration |
| 11:29 | Altar of Storms |
| 11:34 | Forest Troll Berserker |
| 11:35 | Forest Troll Shadow Priest |
| 12:01 | Lesser Clarity Potion |
| 12:02 | Scroll of Speed |
| 12:05 | Scroll of Town Portal |
| 12:09 | Healing Salve |
| 13:00 | Potion of Lesser Invulnerability |
| 14:05 | War Stomp |
| 14:31 | Lesser Clarity Potion |
| 14:31 | Healing Salve |
| 14:35 | Healing Salve |
| 14:35 | Lesser Clarity Potion |
| 14:35 | Scroll of Speed |
| 14:40 | Troll Headhunter |
| 14:40 | Troll Headhunter |
| 15:18 | Potion of Invisibility |
| 15:30 | Periapt of Vitality |
| 17:32 | War Stomp |
| 17:44 | Chain Lighting |
| 18:03 | Great Hall |
| 18:17 | Potion of Invisibility |
| 18:17 | Potion of Lesser Invulnerability |
| 18:18 | Periapt of Vitality |
| 18:28 | Voodoo Lounge |
| 18:37 | Spirit Walker |
| 18:38 | Troll Headhunter |
| 18:38 | Troll Headhunter |
| 19:35 | Lesser Clarity Potion |
| 19:37 | Healing Salve |
| 19:43 | Healing Salve |
| 20:12 | Orc Burrow |
| 20:13 | Orc Burrow |
| 21:09 | Grunt |
| 21:09 | Grunt |
| 21:15 | Peon |
| 21:15 | Peon |
| 21:22 | Potion of Mana |
| 21:24 | Potion of Healing |
| 21:26 | Lesser Clarity Potion |
| 22:44 | Lesser Clarity Potion |
| 22:45 | Healing Salve |
| 22:47 | Potion of Healing |
| 23:15 | Reincarnation |
| 23:48 | Feral Spirit |
| Right click | 925 |
| Select group | 786 |
| Select | 660 |
| Misc. action | 286 |
| Assign group | 167 |
| Build/train/purchase | 160 |
| Use ability | 77 |
| Chat | 6 |
| Esc | 3 |
| Item give/drop | 1 |